 Dungeon Crawl Stone Soup version 0.29-a0-418-gc0181ea820 (webtiles) character file.

Game seed: 129523604660410844

4 Hubjo the Firebug (level 1, 0/11 HPs)
             Began as a Deep Elf Fire Elementalist on May 17, 2022.
             Slain by a quokka (5 damage)
             ... on level 1 of the Dungeon.
             The game lasted 00:00:10 (403 turns).

Hubjo the Firebug (Deep Elf Fire Elementalist)       Turns: 403, Time: 00:00:10

Health: 0/11       AC:  2    Str:  5    XL:     1   Next: 50%
Magic:  1/6        EV: 12    Int: 19    God:
Gold:   10         SH:  0    Dex: 15    Spells: 5/6 levels left

rFire   . . .      SeeInvis .   (no weapon)
rCold   . . .      Faith    .   (no shield)
rNeg    . . .      Spirit   .   a - +0 robe
rPois   .          Reflect  .   (no helmet)
rElec   .          Harm     .   (no cloak)
rCorr   .          Rampage  .   (no gloves)
Will    .....                   (no boots)
Stlth   ++........              (no amulet)
HPRegen 0.03/turn               (no ring)
MPRegen 0.10/turn               (no ring)

@: no status effects
A: no striking features
a: no special abilities


You were on level 1 of the Dungeon.
You visited 1 branch of the dungeon, and saw 1 of its levels.

You collected 10 gold pieces.

Inventory:

Armour
 a - a +0 robe (worn)
Scrolls
 c - a scroll of amnesia {unknown}
 e - a scroll of fog {unknown}
Potions
 b - a potion of magic
 d - a potion of heal wounds {unknown}


   Skills:
 * Level 0.3 Fighting
 - Level 2.4 Dodging
 + Level 2.5 Stealth
 + Level 3.1 Spellcasting
 - Level 1.1 Conjurations
 + Level 3.3 Fire Magic


You had 5 spell levels left.
You knew the following spells:

 Your Spells              Type           Power      Damage    Failure   Level
a - Foxfire               Conj/Fire      44%        2x1d6     6%          1

Your spell library contained the following spells:

 Spells                   Type           Power      Damage    Failure   Level
 Scorch                   Fire           30%        2d7       6%          2
 Conjure Flame            Conj/Fire      11%        6-21      19%         3
 Inner Flame              Hex/Fire       9%         N/A       22%         3
 Flame Wave               Conj/Fire      11%        2d5       52%         4
 Chain Lightning          Conj/Air       2%         3d3       100%        9
 Fire Storm               Conj/Fire      5%         8d2       100%        9
 Shatter                  Erth           1%         3d5*      100%        9


Dungeon Overview and Level Annotations

Branches:
Dungeon (1/15)

Altars:


Message History

There is not enough space to conjure foxfire!
The foxfire hits the hobgoblin.
You kill the hobgoblin!
You conjure some foxfire!
A quokka comes into view.
You conjure some foxfire!
A quokka is nearby!
A quokka is nearby!
You conjure some foxfire!
The foxfire hits the quokka.
The quokka is heavily wounded.
The foxfire hits the quokka.
The quokka is severely wounded.
A quokka is nearby!
You are too depleted to draw on your mana recklessly!
A quokka is nearby!
You are too depleted to draw on your mana recklessly!
You are too depleted to draw on your mana recklessly!
A quokka is nearby!
A quokka is nearby!
You are too depleted to draw on your mana recklessly!
The quokka barely misses you.
You are too depleted to draw on your mana recklessly!
The quokka closely misses you.
You conjure some foxfire!
The quokka misses you.
The foxfire hits the quokka.
The quokka is heavily wounded.
The quokka bites you.
The quokka bites you but does no damage.
The quokka barely misses you.
You are too depleted to draw on your mana recklessly!
You are too depleted to draw on your mana recklessly!
The quokka bites you.
You are too injured to fight recklessly!
The quokka bites you but does no damage.
The quokka completely misses you. The quokka barely misses you.
The quokka misses you. The quokka attacks as you move away!
The quokka barely misses you. The quokka bites you.
You die...

#.# #.# ### ##.#
.... ..# .....##.#
#.....# #.###.#
#.###.###r###
........@...#
###..##.##### #
#.# ... #)# #.....
#.# ...... #.#
#..... #.#
#.....######.#####
.................#


You could see a quokka.

Vanquished Creatures
  An endoplasm (D:1)
  A hobgoblin (D:1)
  A kobold (D:1)
3 creatures vanquished.

Vanquished Creatures (collateral kills)
  6 foxfires (D:1)
6 creatures vanquished.

Vanquished Creatures (others)
  29 foxfires (D:1)
29 creatures vanquished.

Grand Total: 38 creatures vanquished

Notes
Turn   | Place    | Note
-------+----------+-------------------------------------------
     0 | D:1      | Hubjo the Deep Elf Fire Elementalist began the quest for
                  | the Orb.
     0 | D:1      | Reached XP level 1. HP: 10/10 MP: 6/6
   403 | D:1      | Slain by a quokka

Illustrated notes

Levels and vault maps discovered:
D:1:      minmay_arrival_cross, layout_basic,
          ebering_ecumenical_altar_petrified, serial_bayou, serial_bayou_ford_a,
          serial_bayou_shore_b, serial_bayou_shore_b, serial_bayou_shore_b,
          serial_bayou_lagoon_a, chequers_serial_rivers_small_a,
          minmay_misc_feat_nine_boxes

Action                   || total
-------------------------++-------
 Cast: Foxfire           ||    25
Armor: Robe              ||     2
Dodge: Dodged            ||     8

Table legend: (Time is in decaauts)
 A = Elapsed time spent in this place.
 B = Non-inter-level travel time spent in this place.
 C = Inter-level travel time spent in this place.
 D = Time resting spent in this place.
 E = Time spent auto-exploring this place.
 F = Levels seen in this place.
 G = Mean time per level.
                   A        B        C        D        E       F      G
               +--------+--------+--------+--------+--------+-----+--------+
         Total |    405 |    405 |      0 |      0 |    352 |   1 |  405.0 |
       Dungeon |    405 |    405 |      0 |      0 |    352 |   1 |  405.0 |
               +--------+--------+--------+--------+--------+-----+--------+

Top non-repeatable levels by time:
     D:1: 405 daAuts
